 Dungeon Crawl Stone Soup version 0.24-a0-264-gf46a388040 (webtiles) character file.

Game seed: 14955323751240071945

87577 JellyEater the Geomancer (level 15, -9/92 HPs)
             Began as a Gargoyle Earth Elementalist on Apr 19, 2019.
             Was a High Priest of Vehumet.
             Killed by divine providence
             ... invoked by Saint Roka
              (10 damage)
             ... on level 2 of the Orcish Mines on Apr 20, 2019.
             The game lasted 02:11:56 (26857 turns).

JellyEater the Geomancer (GrEE)                    Turns: 26857, Time: 02:11:56

Health: -9/92      AC: 27    Str: 15    XL:     15   Next: 91%
Magic:  12/29      EV: 18    Int: 22    God:    Vehumet [*****.]
Gold:   1770       SH:  0    Dex: 12    Spells: 7/34 levels left

rFire    . . .     SeeInvis +   H - +6 flail
rCold    . . .     Gourm    .   (no shield)
rNeg     + + .     Faith    .   Y - +2 robe {MR+}
rPois    ∞         Spirit   .   Q - +2 helmet {SInv}
rElec    +         Reflect  .   a - +2 cloak
rCorr    +         Harm     .   O - +1 pair of gloves {Str+3}
MR       +++++                  y - +2 pair of boots
Stlth    ++........             V - amulet "Kubud" {rN+ Regen+}
HPRegen  0.65/turn              N - ring of the Sixty-Six Deaths {Wiz +Fly MR+++}
MPRegen  0.21/turn              W - ring of resist corrosion

@: flying
A: big wings, repulsion field 1, thin skeletal structure 1, see invisible,
negative energy resistance 1, electricity resistance, unbreathing, petrification
resistance, rot immunity, MP-powered wands, AC +11
a: Stop Flying, Renounce Religion


You were on level 2 of the Orcish Mines.
You worshipped Vehumet.
Vehumet was extremely pleased with you.
You were not hungry.

You visited 4 branches of the dungeon, and saw 24 of its levels.
You also visited: Gauntlet and Volcano.

You collected 1770 gold pieces.

Inventory:

Hand Weapons
 H - a +6 flail (weapon)
 M - a +0 morningstar of flaming
Missiles
 f - 86 stones (quivered)
Armour
 a - a +2 cloak (worn)
 y - a +2 pair of boots (worn)
 F - a +2 robe of cold resistance
 O - a +1 pair of gloves of strength (worn)
 Q - a +2 helmet of see invisible (worn)
 Y - a +2 robe of magic resistance (worn)
Jewellery
 c - an uncursed ring of fire
 s - an uncursed ring of ice
 C - an uncursed ring of ice
 N - the ring of the Sixty-Six Deaths (left hand) {Wiz +Fly MR+++}
   (You found it in a Gauntlet)

   [ring of wizardry]

   It improves your spell success rate.
   It affects your resistance to hostile enchantments.
   It lets you fly.
 V - the amulet "Kubud" (around neck) {rN+ Regen+}
   (You found it in a Gauntlet)

   [amulet of regeneration]

   It protects you from negative energy.
   It increases your rate of regeneration.
 W - a ring of resist corrosion (right hand)
Wands
 n - a wand of iceblast (22)
 r - a wand of random effects (32)
 z - a wand of disintegration (16)
 G - a wand of paralysis (14)
 K - a wand of polymorph (18)
 Z - a wand of scattershot (6)
Scrolls
 i - 11 scrolls of remove curse
 l - a scroll of blinking
 p - 2 scrolls of teleportation
 t - 5 scrolls of amnesia
 u - 7 scrolls of identify
 v - a scroll of holy word
 D - 2 scrolls of fear
 E - 3 scrolls of enchant weapon
 S - a scroll of summoning
Potions
 e - 7 potions of mutation
 o - 4 potions of cancellation
 x - 4 potions of agility
 B - 4 potions of brilliance
 J - 5 potions of berserk rage
 L - 5 potions of curing
 R - a potion of resistance
 T - 2 potions of heal wounds
Miscellaneous
 b - a phial of floods
 h - a lightning rod (inert)
 A - 2 boxes of beasts
 I - a phantom mirror
Comestibles
 d - 28 rations
 g - 6 chunks of flesh


   Skills:
 + Level 9.9 Fighting
 + Level 9.2 Maces & Flails
 - Level 6.0 Armour
 + Level 7.9 Dodging
 - Level 2.1 Stealth
 + Level 10.0 Spellcasting
 + Level 11.0 Conjurations
 - Level 0.7 Transmutations
 * Level 12.3 Fire Magic
 + Level 12.7 Earth Magic
 + Level 6.1 Evocations


You had 7 spell levels left.
You knew the following spells:

 Your Spells              Type           Power        Failure   Level  Hunger
a - Sandblast             Erth           ######       1%          1    None
b - Stone Arrow           Conj/Erth      ######       1%          3    None
c - Lee's Rapid Deconstr  Erth           ######....   1%          5    ####...
d - Bolt of Magma         Conj/Fire/Erth ######....   1%          5    ####...
e - Iron Shot             Conj/Erth      ######....   1%          6    ######.
f - Passwall              Tmut/Erth      #####...     1%          2    None
g - Irradiate             Conj/Tmut      #####.....   1%          5    ####...

Your spell library contained the following spells:

 Spells                   Type           Power        Failure   Level  Hunger
 Bolt of Draining         Conj/Necr      #####.....   2%          5    ####...
 Beastly Appendage        Tmut           ##....       1%          1    None
 Shock                    Conj/Air       ####         1%          1    None
 Static Discharge         Conj/Air       #####...     1%          3    None
 Petrify                  Tmut/Erth      #####...     1%          4    ##.....
 Infusion                 Chrm           ##..         2%          1    None
 Summon Small Mammal      Summ           ##..         2%          1    None
 Sticks to Snakes         Tmut           ##......     2%          2    None
 Iskenderun's Battlesphe  Conj/Chrm      #####...     2%          5    ####...
 Lightning Bolt           Conj/Air       #####.....   2%          5    ####...
 Venom Bolt               Conj/Pois      #####.....   2%          5    ####...
 Call Imp                 Summ           ##......     3%          2    None
 Shroud of Golubria       Chrm/Tloc      ##........   3%          2    None
 Song of Slaying          Chrm           ##......     3%          2    None
 Swiftness                Chrm/Air       ##......     3%          2    None
 Spider Form              Tmut/Pois      ##........   6%          3    None
 Orb of Destruction       Conj           ######....   6%          7    #######
 Airstrike                Air            ##........   7%          4    ##.....
 Call Canine Familiar     Summ           ##......     8%          3    None
 Regeneration             Chrm/Necr      ##........   8%          3    None
 Spectral Weapon          Hex/Chrm       ##......     8%          3    None
 Summon Guardian Golem    Hex/Summ       ##......     8%          3    None
 Ice Form                 Ice/Tmut       ##......     21%         4    ##.....
 Summon Ice Beast         Ice/Summ       ##......     24%         4    ##.....
 Summon Lightning Spire   Summ/Air       ##......     24%         4    ##.....
 Blade Hands              Tmut           ##........   43%         5    ####...
 Spellforged Servitor     Conj/Summ      #####.....   43%         7    #######
 Hydra Form               Tmut           ##........   93%         6    ######.
 Dragon Form              Tmut           ##........   100%        7    #######
 Statue Form              Tmut/Erth      Unusable     N/A         6    N/A

Dungeon Overview and Level Annotations

Branches:
Dungeon (15/15)            Temple (1/1) D:4            Lair (6/6) D:8
 Shoals (0/4) Lair:2        Snake (0/4) Lair:2        Slime (0/5) Lair:5
    Orc (2/2) D:11         Vaults (0/5) D:13         Depths (0/5) D:15
    Elf: Orc:2

Altars:
Ashenzari
Cheibriados
Dithmenos
Elyvilon
Fedhas
Gozag
Hepliaklqana
Kikubaaqudgha
Makhleb
Nemelex Xobeh
Okawaru
Qazlal
Ru
Sif Muna
Trog
Uskayaw
Vehumet
Wu Jian
Xom
Yredelemnul
Zin
The Shining One

Shops:
D:4 %(   D:10 *   D:15 [

Annotations:
D:3 2 transporters, whodunnit's ghost, amateur HuFi
Orc:2 Saint Roka


Innate Abilities, Weirdness & Mutations

You are resistant to torment.
Your stone body is resilient. (AC +11)
You are immune to poison.
Your large and strong wings let you fly indefinitely.
You resist negative energy. (rN+)
You are resistant to electric shocks. (rElec)
You can survive without breathing.
You are immune to petrification.
You are immune to rotting.
You are surrounded by a mild repulsion field. (EV +2)
You have a somewhat thin skeletal structure. (Dex +2, Stealth)
You have supernaturally acute eyesight. (SInv)
You expend magic power (3 MP) to strengthen your wands.


Message History

You hear a shout! x2
The orc warrior hits you with a +0 dire flail.
Saint Roka calls down the wrath of Beogh upon you.
Beogh smites you! The orc sorcerer casts a spell at you.
The bolt of fire hits you!!
Unknown command.
Unknown command.
Unknown command.
The orc throws a tomahawk.
The tomahawk closely misses you.
The orc warrior hits you with a +0 dire flail!!
* * * LOW HITPOINT WARNING * * *
The orc wizard casts a spell.
The orc wizard flickers and vanishes for a moment.
The orc priest invokes the aid of Beogh against you.
Beogh smites you!
* * * LOW HITPOINT WARNING * * *
Saint Roka mumbles some strange prayers to Beogh against you.
Beogh smites you!
You die...

#........
##$........
.......... .
..........
..#####.........
.oo.8..........$
..oo.oo.........
..ooooo(........
...3o.oo@..o.o..
....8ooo...$....
..#####o...oo.#.
. .$........
#.......o..
##.........
#.........
#.........


You could see Saint Roka, an orc knight, a smoke demon, an orc sorcerer, 5 orc
warriors, 5 orc priests, 3 orc wizards and 7 orcs.

Vanquished Creatures
  Rupert (D:15)
  Gastronok (Lair:2)
  A stone giant (Volcano)
  A minotaur (Gauntlet)
  The ghost of Haiko the Covert, a journeyman HuAr of Trog (Lair:3)
  An ettin (D:15)
  Josephine (D:14)
  3 hydras
  Fannar (D:11)
  4 centaur warriors
  Erica (Lair:1)
  A death knight (D:12)
  5 two-headed ogres
  2 tengu warriors (D:15)
  5 death yaks (Lair:4)
  The ghost of yrara the Cleaver, a novice DsFi of Gozag (D:9)
  An orc high priest (Orc:1)
  Sonja (Lair:1)
  A deep elf knight (D:15)
  A deep troll (D:15)
  3 unseen horrors
  A deep elf archer (D:15)
  An orange crystal statue (Gauntlet)
  A wolf spider zombie (D:14)
  2 orc knights
  Pikel (D:8)
  A manticore (shapeshifter) (Gauntlet)
  4 deep elf magi
  13 ugly things
  Maurice (D:9)
  6 cyclopes
  A spectral centaur (D:9)
  3 manticores (D:12)
  5 elephants (Lair:5)
  6 black mambas
  A merfolk siren (Lair:2)
  4 centaur zombies
  4 gargoyles (D:14)
  A torpor snail (Lair:3)
  3 spiny frogs
  A rime drake (Lair:5)
  2 efreet
  4 komodo dragons
  A tengu conjurer (D:15)
  6 trolls
  A queen bee (D:9)
  3 meliai (D:13)
  A jumping spider (shapeshifter) (Gauntlet)
  11 hippogriffs
  17 blink frogs
  A hornet (D:12)
  A spectral dream sheep (Lair:3)
  9 slime creatures
  2 meliai zombies
  2 spectral black mambas (Lair:3)
  6 wraiths
  2 wyverns (D:12)
  2 vampires
  A centaur simulacrum (D:14)
  A shadow (D:12)
  57 yaks
  4 basilisks
  A fire bat (Orc:2)
  A yak (shapeshifter) (Gauntlet)
  A steam dragon (Orc:1)
  4 hungry ghosts
  3 fire elementals (Volcano)
  Grum (Lair:1)
  A spectral spiny frog (Lair:3)
  2 nagas
  11 water moccasins
  Duvessa (D:6)
  3 acid dragons
  A floating eye (shapeshifter) (D:13)
  2 wargs (Orc:1)
  A hydra simulacrum (Lair:3)
  8 porcupines
  7 orc warriors
  An eye of draining (D:13)
  A phantom (D:9)
  2 slaves (D:8)
  5 black bears
  4 ice beasts
  5 sky beasts
  An eye of draining (shapeshifter) (D:13)
  2 necrophages
  4 ogres
  8 wolves
  7 centaurs
  19 crocodiles
  23 bullfrogs
  3 big kobolds
  A wyvern zombie (D:12)
  2 wyvern skeletons
  Dowan (D:6)
  7 scorpions
  34 killer bees
  A hornet simulacrum (D:15)
  8 wights
  A spectral bullfrog (D:9)
  5 electric eels
  4 howler monkeys
  A lava snake (Lair:3)
  9 crimson imps
  A quasit (D:14)
  2 komodo dragon simulacra (Lair:3)
  9 orc priests
  8 hounds
  5 jellies
  A bullfrog skeleton (D:13)
  14 orc wizards
  4 centaur skeletons
  Ijyb (D:3)
  An iguana (D:12)
  12 worker ants
  A bullfrog simulacrum (D:9)
  3 hound skeletons
  2 worker ant zombies
  8 adders
  6 shadow imps
  2 oozes
  2 adder zombies
  5 worms
  3 dart slugs
  3 leopard geckos
  68 orcs
  4 giant cockroaches
  9 goblins
  5 hobgoblins
  2 jackals (D:4)
  2 quokkas
  4 ball pythons
  13 bats
  6 frilled lizards
  A jackal skeleton (D:4)
  15 kobolds
  A leopard gecko skeleton (D:7)
  A quokka zombie (D:8)
  9 rats
  2 fungi
  A plant (Gauntlet)
674 creatures vanquished.

Vanquished Creatures (collateral kills)
  A basilisk (D:12)
1 creature vanquished.

Vanquished Creatures (others)
  A hound (D:8)
  15 fungi
  14 plants
30 creatures vanquished.

Grand Total: 705 creatures vanquished

Notes
Turn   | Place    | Note
-------+----------+-------------------------------------------
     0 | D:1      | JellyEater the Gargoyle Earth Elementalist began the quest
                  | for the Orb.
     0 | D:1      | Reached XP level 1. HP: 10/10 MP: 3/3
   371 | D:1      | Reached XP level 2. HP: 15/15 MP: 1/5
  1310 | D:2      | Gained mutation: You are surrounded by a mild repulsion
                  | field. (EV +2) [potion of mutation]
  1310 | D:2      | Gained mutation: You expend magic power (3 MP) to
                  | strengthen your wands. [potion of mutation]
  1310 | D:2      | Gained mutation: You have a somewhat thin skeletal
                  | structure. (Dex +2, Stealth) [potion of mutation]
  1310 | D:2      | Gained mutation: You have supernaturally acute eyesight.
                  | (SInv) [potion of mutation]
  1372 | D:2      | Reached XP level 3. HP: 19/19 MP: 7/7
  1814 | D:2      | Reached XP level 4. HP: 23/24 MP: 8/8
  1948 | D:2      | Found a glowing golden altar of the Shining One.
  2127 | D:2      | Learned a level 3 spell: Stone Arrow
  2161 | D:2      | Found a burning altar of Makhleb.
  2163 | D:2      | Found a glowing silver altar of Zin.
  2164 | D:2      | Found a deep blue altar of Sif Muna.
  2166 | D:2      | Found an ancient bone altar of Kikubaaqudgha.
  2266 | D:3      | Noticed Ijyb
  2394 | D:3      | Reached skill level 5 in Earth Magic
  2424 | D:3      | Killed Ijyb
  2424 | D:3      | Reached skill level 1 in Conjurations
  2475 | D:3      | Reached XP level 5. HP: 27/28 MP: 7/10
  2536 | D:3      | Learned a level 5 spell: Lee's Rapid Deconstruction
  2539 | D:3      | Found a transporter.
  2540 | D:3      | Noticed whodunnit's ghost (amateur HuFi)
  2556 | D:3      | Found a transporter.
  3166 | D:4      | Found Xitzaung's Weapon Boutique.
  3209 | D:4      | Found Qonazaiw's Food Emporium.
  3251 | D:4      | Reached XP level 6. HP: 27/32 MP: 9/11
  3537 | D:4      | Found a staircase to the Ecumenical Temple.
  3544 | Temple   | Entered the Ecumenical Temple
  3774 | Temple   | Became a worshipper of Vehumet
  4138 | D:5      | Entered Level 5 of the Dungeon
  4343 | D:5      | Reached XP level 7. HP: 30/36 MP: 10/13
  4976 | D:6      | Noticed a wraith
  5017 | D:6      | Reached skill level 5 in Spellcasting
  5324 | D:6      | Noticed Dowan
  5326 | D:6      | Noticed Duvessa
  5338 | D:6      | Killed Dowan
  5338 | D:6      | Reached XP level 8. HP: 41/41 MP: 8/15
  6440 | D:7      | Reached * piety under Vehumet
  6440 | D:7      | Offered knowledge of Magic Dart by Vehumet.
  6440 | D:7      | Reached skill level 1 in Armour
  6617 | D:6      | Reached skill level 1 in Fighting
  6617 | D:6      | Reached skill level 1 in Evocations
  6724 | D:7      | Noticed a red ugly thing
  6750 | D:7      | Killed a red ugly thing
  6750 | D:7      | Reached skill level 1 in Maces & Flails
  6750 | D:7      | Reached skill level 5 in Conjurations
  6982 | D:7      | Found an opulent altar of Gozag.
  6984 | D:7      | Found a sparkling altar of Nemelex Xobeh.
  7275 | D:7      | Reached XP level 9. HP: 36/48 MP: 17/17
  7708 | D:6      | Killed Duvessa
  7873 | D:8      | Learned a level 5 spell: Bolt of Magma
  7910 | D:8      | Noticed Pikel
  7931 | D:8      | Killed Pikel
  7931 | D:8      | Reached skill level 1 in Fire Magic
  8069 | D:8      | Found a hazy altar of Hepliaklqana.
  8244 | D:8      | Offered knowledge of Sting by Vehumet.
  8244 | D:8      | Reached XP level 10. HP: 30/56 MP: 2/19
  8365 | D:8      | Reached ** piety under Vehumet
  8495 | D:8      | Found a staircase to the Lair.
  8722 | D:8      | Learned a level 6 spell: Iron Shot
  9101 | D:9      | Found a runed translucent gate.
  9102 | D:9      | Found a runed translucent gate.
  9105 | D:9      | Found a runed translucent gate.
  9259 | D:9      | Noticed yrara's ghost (novice DsFi)
  9259 | D:9      | Noticed a spectral centaur warrior
  9275 | D:9      | Found an iron altar of Okawaru.
  9286 | D:9      | Noticed Maurice
  9297 | D:9      | Killed Maurice
  9619 | D:9      | Offered knowledge of Mephitic Cloud by Vehumet.
  9820 | D:9      | Found a hide-covered altar of Uskayaw.
  9823 | D:9      | Found an ornate altar of the Wu Jian Council.
  9826 | D:9      | Found a white marble altar of Elyvilon.
  9862 | D:9      | Reached *** piety under Vehumet
 10044 | D:9      | Found a sacrificial altar of Ru.
 10401 | D:9      | Killed a spectral centaur warrior
 10401 | D:9      | Offered knowledge of Force Lance by Vehumet.
 10401 | D:9      | Reached skill level 5 in Fire Magic
 10401 | D:9      | Reached XP level 11. HP: 62/62 MP: 18/20
 10403 | D:9      | Reached skill level 5 in Armour
 10404 | D:9      | Killed yrara's ghost
 10436 | D:9      | Reached skill level 5 in Fighting
 10442 | D:9      | Got a shadowed robe
 10453 | D:9      | Identified the +1 robe of a Billion Places {rF- rCorr
                  | Dex+5} (You found it on level 9 of the Dungeon)
 10528 | D:10     | Entered Level 10 of the Dungeon
 10588 | D:10     | Found Cuotimus's General Store.
 11178 | D:11     | Reached **** piety under Vehumet
 11189 | D:11     | Noticed a cyan ugly thing
 11197 | D:11     | Killed a green ugly thing
 11315 | D:11     | Offered knowledge of Static Discharge by Vehumet.
 11693 | D:11     | Found a staircase to the Orcish Mines.
 11767 | D:11     | Noticed an unseen horror
 11772 | D:11     | Killed an unseen horror
 11840 | D:11     | Noticed Fannar
 11885 | D:11     | Killed Fannar
 11885 | D:11     | Reached skill level 5 in Maces & Flails
 11926 | D:11     | Noticed an unseen horror
 11946 | D:11     | Killed an unseen horror
 12253 | D:11     | Reached XP level 12. HP: 44/69 MP: 22/22
 12390 | D:12     | Reached ***** piety under Vehumet
 12408 | D:12     | Reached skill level 5 in Evocations
 12416 | D:12     | Offered knowledge of Olgreb's Toxic Radiance by Vehumet.
 12487 | D:12     | Reached skill level 5 in Dodging
 12643 | D:12     | Noticed a death knight
 12863 | D:12     | Noticed a two-headed ogre
 12868 | D:12     | Killed a two-headed ogre
 12939 | D:12     | Reached skill level 10 in Earth Magic
 13165 | D:12     | Killed a death knight
 14346 | D:12     | Noticed a two-headed ogre
 14352 | D:12     | Killed a two-headed ogre
 14872 | D:13     | Reached XP level 13. HP: 61/76 MP: 19/24
 15166 | D:13     | Found a gate to the Vaults.
 15798 | D:14     | Offered knowledge of Ozocubu's Refrigeration by Vehumet.
 16521 | D:14     | Noticed Josephine
 16531 | D:14     | Killed Josephine
 17111 | D:14     | Found a large runed translucent door.
 17112 | D:14     | Found a large runed translucent door.
 17270 | D:14     | Found a shadowy altar of Dithmenos.
 17434 | D:14     | Found an iron altar of Okawaru.
 17434 | D:14     | Found an iron altar of Okawaru.
 17952 | D:14     | Learned a level 2 spell: Passwall
 18115 | D:15     | Entered Level 15 of the Dungeon
 18115 | D:15     | Noticed Rupert
 18562 | D:14     | Gained mutation: Your large and strong wings let you fly
                  | indefinitely. [Gargoyle growth]
 18562 | D:14     | Reached XP level 14. HP: 67/84 MP: 24/26
 18563 | D:14     | Reached skill level 10 in Fire Magic
 18651 | D:15     | Found Vohih's Antique Armour Shoppe.
 19208 | D:15     | Killed Rupert
 19723 | D:15     | Found a staircase to the Depths.
 19852 | D:13     | Upgraded the game from 0.24-a0-258-gb86c0f735e to
                  | 0.24-a0-264-gf46a388040
 20094 | Lair:1   | Entered Level 1 of the Lair of Beasts
 20101 | Lair:1   | Offered knowledge of Bolt of Cold by Vehumet.
 20101 | Lair:1   | Reached skill level 10 in Conjurations
 20287 | Lair:1   | Learned a level 5 spell: Irradiate
 20288 | Lair:1   | Noticed Erica
 20308 | Lair:1   | Killed Erica
 20378 | Lair:1   | Noticed Sonja
 20380 | Lair:1   | Killed Sonja
 21015 | Lair:1   | Noticed Grum
 21018 | Lair:1   | Killed Grum
 21694 | Lair:2   | Noticed Gastronok
 21706 | Lair:2   | Killed Gastronok
 21891 | Lair:2   | Reached XP level 15. HP: 90/90 MP: 21/28
 21939 | Lair:2   | Found a staircase to the Snake Pit.
 22350 | Lair:2   | Found a staircase to the Shoals.
 22691 | Lair:3   | Found a dark tunnel.
 22734 | Volcano  | Entered a volcano
 23037 | Lair:3   | Found a runed translucent gate.
 23037 | Lair:3   | Found a runed translucent gate.
 23041 | Lair:3   | Found a runed translucent gate.
 23044 | Lair:3   | Noticed Haiko's ghost (journeyman HuAr)
 23398 | Lair:3   | Offered knowledge of Bolt of Draining by Vehumet.
 23752 | Lair:3   | Killed Haiko's ghost
 24362 | Lair:4   | Found a deep blue altar of Sif Muna.
 24696 | Lair:5   | You are sucked into a shaft!
 24696 | Lair:6   | Entered Level 6 of the Lair of Beasts
 24824 | Lair:5   | Found a gate leading to a gauntlet.
 24838 | Gauntlet | Entered a Gauntlet
 24838 | Gauntlet | Found a transporter.
 24838 | Gauntlet | Found a transporter.
 24838 | Gauntlet | Found a transporter.
 24838 | Gauntlet | Found a transporter.
 24858 | Gauntlet | Found a transporter.
 24872 | Gauntlet | Found a transporter.
 24889 | Gauntlet | Found a transporter.
 24911 | Gauntlet | Found a transporter.
 24917 | Gauntlet | Found a transporter.
 24957 | Gauntlet | Found a transporter.
 24984 | Gauntlet | Found a transporter.
 24997 | Gauntlet | Found a transporter.
 25151 | Gauntlet | Got an ancient tin ring
 25163 | Gauntlet | Got a brightly glowing graven amulet
 25164 | Gauntlet | Identified the ring of the Sixty-Six Deaths {Wiz +Fly
                  | MR+++} (You found it in a Gauntlet)
 25167 | Gauntlet | Identified the amulet "Kubud" {rN+ Regen+} (You found it in
                  | a Gauntlet)
 25493 | Lair:5   | Found a staircase to the Slime Pits.
 26165 | Orc:1    | Entered Level 1 of the Orcish Mines
 26626 | Orc:1    | Reached skill level 10 in Spellcasting
 26845 | Orc:2    | Entered Level 2 of the Orcish Mines
 26846 | Orc:2    | Noticed Saint Roka
 26857 | Orc:2    | HP: 1/92 [orc priest/divine providence (16)]
 26857 | Orc:2    | Killed from afar by Saint Roka

Levels and vault maps discovered:
D:1:      dpeg_arrival_arbitrary_c, layout_basic, minmay_hedge_maze,
          minivault_14, roderic_roman_lattice
D:2:      layout_rooms, minitemple
D:3:      layout_basic, gammafunk_ghost_stat_death, uniq_ijyb
D:4:      layout_loops_corners, minmay_temple_entry_enclosed_plants,
          serial_shops, kennysheep_little_box, shop
D:5:      layout_gridville, first_ration, hangedman_abyss_or_decor_lesser_grid
D:6:      layout_basic, lightli_corner_chamber, uniq_duvessa
D:7:      layout_basic, grunt_temple_overflow_opulence
D:8:      layout_basic, minmay_lair_entry_grove, basic_altar, uniq_pikel
D:9:      layout_stronghold, lemuel_doored_altar, okawaru_gym_becter,
          grunt_temple_overflow_diamond, gammafunk_ghost_necromancy,
          david_nohive_1, uniq_maurice
D:10:     layout_roguey, serial_shops, shop
D:11:     layout_loops_ring, uniq_fannar
D:12:     minmay_triangles_in_corner, layout_stronghold
D:13:     layout_rooms, david_vaults_1
D:14:     okawaru_arena_lexackson, layout_irregular_city,
          minmay_misc_feat_diagonals, nicolae_dithmenos_shadow_blocks,
          uniq_josephine
D:15:     hangedman_depths_entry_civil_slaughter, layout_cave_pools,
          grunt_decor_cap, serial_shops, nicolae_shop_crystal, uniq_rupert
Temple:   dpeg_chambers_temple
Lair:1:   layout_cave_pods, fungi_pond_lemuel, chequers_serial_rivers_small_b,
          uniq_erica, uniq_sonja, uniq_grum
Lair:2:   layout_cave_pods, elwin_shoals_entry_rooms,
          guppyfry_snake_entry_garden, serial_bayou_pond_b, uniq_gastronok
Lair:3:   layout_gridlike, gammafunk_ghost_necromancy, enter_volcano_2,
          serial_bayou_shore_b, infiniplex_staircase_pool_2,
          serial_bayou_shore_a
Lair:4:   layout_loops_ring, basic_altar
Lair:5:   layout_roguey, dpeg_slime_entry_corner, gauntlet_entry_generic,
          serial_bayou, serial_bayou_ford_a, serial_bayou_lake_a,
          serial_bayou_pond_e, serial_bayou_pond_c
Lair:6:   evilmike_catoblepas_cave, layout_regular_city, basic_altar,
          grunt_megastairs_5
Orc:1:    layout_diamond_mine, minmay_orc_keep
Orc:2:    grunt_orc_cross, layout_caves, basic_altar, mines4_lemuel
Volcano:  volcano_pools
Gauntlet: gammafunk_gauntlet_shortcut [gammafunk_gauntlet_arena_mazey,
          gammafunk_gauntlet_arena_arrow_garden, nicolae_gauntlet_arena_grate_2,
          nicolae_gauntlet_arena_t_cross, nicolae_gauntlet_arena_blocks,
          gammafunk_gauntlet_arena_hedges, gauntlet_exit_green]

Skill      XL: |  1  2  3  4  5  6  7  8  9 10 11 12 13 14 15 |
---------------+----------------------------------------------+-----
Earth Magic    | 4 5 6 7 8 9 10 11 12 | 12.7
Spellcasting   | 3 4 5 6 7 8 9 10 | 10.0
Conjurations   | 1 2 3 4 5 6 7 8 9 10 11 | 11.0
Armour         | 2 3 4 6 |  6.0
Fighting       | 2 3 4 5 6 8 9 |  9.9
Evocations     | 1 3 4 5 6 |  6.1
Maces & Flails | 2 3 4 5 6 7 8 9 |  9.2
Dodging        | 2 3 4 5 6 7 |  7.9
Fire Magic     | 3 5 6 8 9 11 12 | 12.3
Stealth        | |  2.1
Transmutations | |  0.7

Action                   |  1- 3 |  4- 6 |  7- 9 | 10-12 | 13-15 || total
-------------------------+-------+-------+-------+-------+-------++-------
Melee: Unarmed           |    49 |       |       |       |       ||    49
       Whip              |    84 |   215 |    94 |       |       ||   393
       Dagger            |       |       |    83 |   443 |       ||   526
       Flail             |       |       |       |   107 |   403 ||   510
Throw: Stone             |       |       |       |       |     1 ||     1
 Cast: Sandblast         |    26 |    24 |    46 |   139 |   313 ||   548
       Stone Arrow       |       |       |     5 |    41 |    24 ||    70
       Lee's Rapid Decon |       |       |     8 |    21 |    31 ||    60
       Bolt of Magma     |       |       |       |    26 |    94 ||   120
       Iron Shot         |       |       |       |     9 |    65 ||    74
       Irradiate         |       |       |       |       |     6 ||     6
 Abil: Fly               |       |       |       |       |     2 ||     2
       Stop Flying       |       |       |       |       |     1 ||     1
Evoke: Wand              |       |       |       |    15 |    24 ||    39
       Phial of floods   |       |       |       |     1 |       ||     1
       Lightning rod     |       |       |       |       |    16 ||    16
  Use: Scroll            |     6 |    11 |     6 |     9 |    20 ||    52
       Potion            |     1 |     1 |     1 |    14 |     9 ||    26
 Stab: Sleeping          |       |    13 |     4 |     4 |     4 ||    25
       Distracted        |       |       |     1 |     3 |       ||     4
       Paralysed         |       |       |       |     1 |       ||     1
  Eat: Chunk             |     3 |     6 |    11 |    23 |    57 ||   100
       Ration            |       |     1 |     1 |     7 |     9 ||    18
Armor: Robe              |    72 |    95 |    94 |   394 |   383 ||  1038
       Skin              |       |       |       |    19 |     2 ||    21
Dodge: Dodged            |   142 |   190 |   155 |   711 |   736 ||  1934

Table legend:
 A = Non-vault XP
 B = Vault XP
 C = Vault XP percentage of total XP
 D = Non-vault monster count
 E = Vault monster count
 F = Vault count percentage of total count
                 A         B        C        D         E       F
            +---------+---------+-------+---------+---------+-------
      Total |   84939 |   40172 |  32.1 |     550 |     120 |  17.9
            +---------+---------+-------+---------+---------+-------
        D:1 |      33 |       0 |   0.0 |      23 |       0 |   0.0
        D:2 |      54 |       0 |   0.0 |      14 |       0 |   0.0
        D:3 |      67 |      36 |  35.0 |      27 |       1 |   3.6
        D:4 |     308 |       0 |   0.0 |      19 |       0 |   0.0
        D:5 |     517 |       0 |   0.0 |      19 |       0 |   0.0
        D:6 |     328 |     232 |  41.4 |      12 |       2 |  14.3
        D:7 |     969 |       0 |   0.0 |      14 |       0 |   0.0
        D:8 |     693 |    2002 |  74.3 |      12 |      14 |  53.8
        D:9 |    1965 |    4390 |  69.1 |      47 |      25 |  34.7
       D:10 |    1212 |       0 |   0.0 |       9 |       0 |   0.0
       D:11 |    4536 |     997 |  18.0 |      39 |       1 |   2.5
       D:12 |    9340 |    4522 |  32.6 |      48 |      15 |  23.8
       D:13 |    5413 |    1750 |  24.4 |      30 |       3 |   9.1
       D:14 |   15486 |    1912 |  11.0 |      53 |       5 |   8.6
       D:15 |    7859 |    7968 |  50.3 |      21 |       7 |  25.0
     Lair:1 |    6338 |    2380 |  27.3 |      28 |       7 |  20.0
     Lair:2 |    3162 |    4889 |  60.7 |      12 |       7 |  36.8
     Lair:3 |    4765 |    2415 |  33.6 |      25 |       8 |  24.2
     Lair:4 |   10206 |       0 |   0.0 |      35 |       0 |   0.0
     Lair:5 |    9322 |       0 |   0.0 |      38 |       0 |   0.0
      Orc:1 |    2366 |     304 |  11.4 |      25 |       9 |  26.5
      Orc:2 |       0 |    1016 | 100.0 |       0 |       6 | 100.0
    Volcano |       0 |    2397 | 100.0 |       0 |       5 | 100.0
   Gauntlet |       0 |    2962 | 100.0 |       0 |       5 | 100.0
            +---------+---------+-------+---------+---------+-------
